 Dungeon Crawl Stone Soup version 0.22-a0-565-gfc6459a (webtiles) character file.

7 glosham the Skirmisher (level 1, -2/18 HPs)
             Began as a Mummy Abyssal Knight on June 28, 2018.
             Was a Follower of Lugonu.
             Slain by an unseen horror (4 damage)
             ... on level 1 of the Abyss.
             The game lasted 00:01:53 (69 turns).

glosham the Skirmisher (Mummy Abyssal Knight)         Turns: 69, Time: 00:01:53

Health: -2/18      AC:  3    Str: 15    XL:     1   Next: 83%
Magic:  2/2        EV: 11    Int: 11    God:    Lugonu [*.....]
Gold:   0          SH:  0    Dex: 11    Spells: 0/0 levels left

rFire    x . .     SeeInvis .   a - +2 hand axe
rCold    + . .     Gourm    .   (no shield)
rNeg     + + +     Faith    .   b - +0 leather armour
rPois    ∞         Spirit   .   (no helmet)
rElec    .         Reflect  .   (no cloak)
rCorr    .         Harm     .   (no gloves)
MR       .....                  (no boots)
Stlth    +.........             (no amulet)
HPRegen  0.06/turn              (no ring)
MPRegen  0.08/turn              (no ring)

@: no status effects
A: no food or potions, fire vulnerability, cold resistance 1, negative energy
resistance 3, torment resistance, unbreathing
a: Depart the Abyss, Renounce Religion


You were on level 1 of the Abyss.
You worshipped Lugonu.
Lugonu was aware of your devotion.
You were not hungry.

You visited 0 branches of the dungeon, and saw 0 of its levels.
You visited the Abyss 1 time.

Inventory:

Hand Weapons
 a - a +2 hand axe (weapon)
Armour
 b - a +0 leather armour (worn)


   Skills:
 - Level 3.0 Fighting
 - Level 1.5 Axes
 - Level 1.5 Armour
 - Level 0.7 Dodging
 * Level 1.3 Stealth
 - Level 1.5 Invocations


You couldn't memorise any spells.
You didn't know any spells.
Your spell library was empty.

Dungeon Overview and Level Annotations

Branches:
Dungeon (0/15)

Altars:


Innate Abilities, Weirdness & Mutations

You do not eat or drink.
Your flesh is vulnerable to fire.
You are immune to poison.
Your flesh is cold resistant. (rC+)
You are immune to negative energy. (rN+++)
You are immune to unholy pain and torment.
You can survive without breathing.


Message History

Will you be the one to retrieve the fabulous Orb of Zot from the depths?
Lugonu says: Depart the Abyss and spread corruption, my servant! (use the ability menu to exit the Abyss) Press ? for a list of commands and other information.
Found a corrupted altar of Lugonu.
Found a gateway leading out of the Abyss.
Found a scroll labeled VUEVUA KEMIMAMIVA.
Found a gateway leading out of the Abyss.
You see here a scroll labeled VUEVUA KEMIMAMIVA.
As you read the scroll labeled VUEVUA KEMIMAMIVA, it crumbles to dust.
It is a scroll of enchant weapon.
Your +1 hand axe glows red for a moment.
The white imp shouts, "Scamper hence, thou fulsome moon-mazed reprobate!"
A large abomination comes into view.
You hit the white imp.
The white imp is moderately wounded.
The white imp gestures at you. The puff of frost hits you! You resist.
You hit the white imp.
The white imp is almost dead.
The white imp gestures at you. The puff of frost hits you! You resist.
You barely miss the white imp.
The white imp is almost dead.
The white imp hits you. The white imp freezes you. You resist.
You slash the white imp!
You kill the white imp!
Your Stealth skill increases to level 1!
You enter the shallow water.
Moving in this stuff is going to be slow.
An ufetubus comes into view.
Found a robe.
You see here a robe.
A water elemental comes into view.
The water elemental moves out of view.
A raiju comes into view.
The raiju barks!
Something hits you!
* * * LOW HITPOINT WARNING * * *
Something hits you.
You die...

#. #.. #.# ###
#.# #.###..# .
##@#.E.#####..
#....# ....#
#.###.###..####
#..
#..........#
...
##.#....#.#.#
.##. ...##Xh#
.. # #
#.#.#.#.#...#.
# .# #. ##...#
..#..##X...#.


You could see a large abomination and a raiju.

Vanquished Creatures
  A white imp (Abyss:1)
1 creature vanquished.

Notes
Turn   | Place    | Note
-------+----------+-------------------------------------------
     0 | Abyss:1  | glosham the Mummy Abyssal Knight began the quest for the Orb.
     0 | Abyss:1  | Reached XP level 1. HP: 18/18 MP: 2/2
    32 | Abyss:1  | Noticed a large abomination
    36 | Abyss:1  | Reached skill level 1 in Stealth
    63 | Abyss:1  | Noticed a water elemental
    64 | Abyss:1  | Noticed a raiju
    69 | Abyss:1  | Slain by an unseen horror

Vault maps used:

Skill      XL: |  1 |
---------------+----+-----
Stealth        | 1 |  1.3
Fighting       | |  3.0
Axes           | |  1.5
Armour         | |  1.5
Dodging        | |  0.7
Invocations    | |  1.5

Action                   || total
-------------------------++-------
Melee: Hand axe          ||     4
  Use: Scroll            ||     1

Table legend:
 A = Spawn XP
 B = Non-spawn XP
 C = Spawn XP percentage of total XP
 D = Spawn monster count
 E = Non-spawn monster count
 F = Spawn count percentage of total count
 G = Total turns spent on level
                    A         B        C        D         E        F      G
               +---------+---------+-------+---------+---------+-------+---------
         Total |      10 |       0 | 100.0 |       1 |       0 | 100.0 |    69
               +---------+---------+-------+---------+---------+-------+---------
       Abyss:1 |      10 |       0 | 100.0 |       1 |       0 | 100.0 |    69
               +---------+---------+-------+---------+---------+-------+---------

Table legend:
 A = Turns spent in this place as a percentage of turns spent in the entire game.
 B = Non-inter-level travel turns spent in this place as a percentage of non-inter-level travel turns spent in the entire game.
 C = Inter-level travel turns spent in this place as a percentage of turns spent in this place.
 D = Turns resting spent in this place as a percentage of non-inter-level travel turns spent in this place.
 E = Turns spent auto-exploring this place as a percentage of non-inter-level travel turns spent in this place.
 F = Non-inter-level travel turns spent in this place divided by the number of levels of this place that you've seen.
                   A       B       C       D       E      F
               +-------+-------+-------+-------+-------+----------------------
         Total | 100.0 | 100.0 |   0.0 |   0.0 |   0.0 |  69.0
         Abyss | 100.0 | 100.0 |   0.0 |   0.0 |   0.0 |  69.0
               +-------+-------+-------+-------+-------+----------------------

Table legend:
 A = Kills in this place as a percentage of kills in entire the game.
 B = Kills by you in this place as a percentage of kills by you in the entire game.
 C = Kills by friends in this place as a percentage of kills by friends in the entire game.
 D = Other kills in this place as a percentage of other kills in the entire game.
 E = Experience gained in this place as a percentage of experience gained in the entire game.
 F = Experience gained in this place divided by the number of levels of this place that you have seen.
                   A       B       C       D       E      F
               +-------+-------+-------+-------+-------+----------------------
         Total | 100.0 | 100.0 |   N/A |   N/A | 100.0 |  10.0
         Abyss | 100.0 | 100.0 |   N/A |   N/A | 100.0 |  10.0
               +-------+-------+-------+-------+-------+----------------------

Vault maps used:
